 Dungeon Crawl Stone Soup version 0.29.1-1-gd02db6906a (webtiles) character file.

Game seed: 7748700321228017106

73 Ashen the Firebug (level 4, 25/30 HPs)
             Began as a Demonspawn Fire Elementalist on Oct 12, 2022.
             Got out of the dungeon alive.
             The game lasted 00:03:52 (2004 turns).

Ashen the Firebug (Demonspawn Fire Elementalist)    Turns: 2004, Time: 00:03:52

Health: 25/30      AC:  4    Str:  8    XL:     4   Next: 8%
Magic:  7/7        EV: 14    Int: 19    God:
Gold:   120        SH:  0    Dex: 16    Spells: 7/8 levels left

rFire   . . .      SeeInvis .   (no weapon)
rCold   . . .      Faith    .   (no shield)
rNeg    + . .      Spirit   .   a - +0 robe
rPois   .          Reflect  .   (helmet restricted)
rElec   .          Harm     .   (no cloak)
rCorr   .          Rampage  .   h - +0 pair of gloves {Dex+3}
Will    .....                   d - +0 pair of boots
Stlth   ++........              (no amulet)
HPRegen 0.10/turn               c - ring of positive energy
MPRegen 0.20/turn               (no ring)

@: no status effects
A: horns 1, repulsion field 1, magic regeneration
a: no special abilities


You escaped.
You visited 1 branch of the dungeon, and saw 2 of its levels.

You collected 120 gold pieces.

Inventory:

Armour
 a - a +0 robe (worn)
 d - a +0 pair of boots (worn)
 h - a +0 pair of gloves of dexterity (worn)
Jewellery
 c - a ring of positive energy (left hand)
Scrolls
 f - a scroll of teleportation {unknown}
 i - 2 scrolls of identify {unknown}
 k - a scroll of immolation {unknown}
Potions
 b - a potion of magic
 e - a potion of cancellation {unknown}
 g - a potion of flight {unknown}
 j - 2 potions of attraction {unknown}


   Skills:
 + Level 2.3 Dodging
 + Level 2.4 Stealth
 + Level 2.5 Spellcasting
 + Level 1.8 Conjurations
 + Level 3.1 Fire Magic


You had 7 spell levels left.
You knew the following spells:

 Your Spells              Type           Power      Damage    Failure   Level
a - Foxfire               Conj/Fire      44%        2x1d6     6%          1

Your spell library contained the following spells:

 Spells                   Type           Power      Damage    Failure   Level
 Scorch                   Fire           28%        2d6       7%          2
 Conjure Flame            Conj/Fire      11%        6-21      17%         3
 Inner Flame              Hex/Fire       8%         N/A       26%         3
 Ignite Poison            Fire/Tmut/Pois 6%         N/A       30%         3
 Mephitic Cloud           Conj/Pois/Air  4%         N/A       36%         3
 Flame Wave               Conj/Fire      11%        2d6       50%         4
 Leda's Liquefaction      Hex/Erth       1%         N/A       85%         4
 Freezing Cloud           Conj/Ice/Air   2%         6-21      98%         5
 Lee's Rapid Deconstruct  Erth           1%         3d5*      99%         5
 Statue Form              Tmut/Erth      1%         N/A       100%        6


Dungeon Overview and Level Annotations

Branches:
Dungeon (2/15)

Altars:
Trog


Innate Abilities, Weirdness & Mutations

You have a pair of small horns on your head.
You are surrounded by a mild repulsion field. (EV +2)
You regenerate magic rapidly.


Message History

The gnoll is moderately wounded.
You conjure some foxfire!
The foxfire hits the gnoll.
The gnoll is heavily wounded.
The foxfire hits the gnoll but does no damage.
The gnoll is heavily wounded.
You conjure some foxfire!
The foxfire hits the gnoll.
The gnoll is severely wounded.
The foxfire hits the gnoll.
The gnoll is severely wounded.
Unknown command.
You conjure some foxfire!
The foxfire hits the gnoll.
The gnoll is almost dead.
The foxfire hits the gnoll.
The gnoll is moderately wounded.
The foxfire hits the gnoll.
The gnoll is heavily wounded.
The foxfire hits the gnoll.
The gnoll is almost dead.
You barely miss the gnoll.
The gnoll is almost dead.
The gnoll attacks as you move away! The gnoll hits you with a +0 club!
The gnoll attacks as you move away! The gnoll hits you with a +0 club.
You conjure some foxfire!
The gnoll closely misses you. The gnoll attacks as you move away!
The gnoll barely misses you.
The foxfire hits the gnoll.
You kill the gnoll!
The foxfire hits the gnoll.
The gnoll is heavily wounded.
You have reached level 4!
You feel clever.
Your demonic ancestry asserts itself...
Your magic begins to regenerate rapidly.
You see here a bat skeleton.
Things that are here:
a +0 short sword; a stone; a kobold skeleton
There is a stone staircase leading up here.
You climb upwards.
There is a stone staircase leading down here.
There is a staircase leading out of the dungeon here.
Are you sure you want to leave the Dungeon?
This will make you lose the game!
You have escaped!

#...........##.####.## #.##..##..
.........##.##.# #..# #'######..
#...#######.##.#####.###.## #..
.....(......##.##.#.......## #..
#.........####.##...####...####..
#..######.####.##.### ##....##..
#..# #......#..######..##..#..
#..# #.#######..##....######..
#..# #..# #@##...##.# #.. #..#
#..###################### #..#
#........................ #..#
#.################......> #..#
#.# #.###### #..# #.# #.# #..#
#.# #.###### #..# #.#####
#....... #..# #.....#### ########


There were no monsters in sight!

Vanquished Creatures
  2 gnolls
  An adder (D:2)
  2 dart slugs (D:1)
  2 ball pythons
  6 endoplasms
  3 giant cockroaches
  4 goblins
  2 hobgoblins (D:1)
  7 kobolds
  A quokka (D:1)
  4 bats
  A frilled lizard (D:1)
  2 rats
37 creatures vanquished.

Vanquished Creatures (collateral kills)
  A foxfire (D:1)
1 creature vanquished.

Vanquished Creatures (others)
  113 foxfires
113 creatures vanquished.

Grand Total: 151 creatures vanquished

Notes
Turn   | Place    | Note
-------+----------+-------------------------------------------
     0 | D:1      | Ashen the Demonspawn Fire Elementalist began the quest for
                  | the Orb.
     0 | D:1      | Reached XP level 1. HP: 13/13 MP: 3/3
   440 | D:1      | Gained mutation: You are surrounded by a mild repulsion
                  | field. (EV +2) [demonic ancestry]
   440 | D:1      | Reached XP level 2. HP: 19/19 MP: 0/5
   678 | D:1      | Found a faded altar of an unknown god.
   907 | D:1      | Gained mutation: You have a pair of small horns on your
                  | head. [demonic ancestry]
   907 | D:1      | Reached XP level 3. HP: 22/24 MP: 0/6
  1298 | D:1      | Reached skill level 3 in Fire Magic
  1577 | D:2      | Found a bloodstained altar of Trog.
  1915 | D:2      | Gained mutation: You regenerate magic rapidly. [demonic
                  | ancestry]
  1915 | D:2      | Reached XP level 4. HP: 16/30 MP: 0/7
  2004 | D:$      | Got out of the dungeon alive.

Illustrated notes

Levels and vault maps discovered:
D:1:      dpeg_arrival_round_a, layout_basic,
          shapermc_ecumenical_altar_mp_ritualfount
D:2:      layout_basic, basic_altar

Skill      XL: |  1  2  3 |
---------------+----------+-----
Stealth        | 2 |  2.4
Dodging        | 2 |  2.3
Fire Magic     | 3 |  3.1
Spellcasting   | |  2.5
Conjurations   | |  1.8

Action                   |  1- 3 |  4- 6 || total
-------------------------+-------+-------++-------
Melee: Unarmed           |    32 |       ||    32
       Headbutt          |     4 |       ||     4
 Cast: Foxfire           |    70 |       ||    70
 Stab: Sleeping          |     4 |       ||     4
Armor: Robe              |     8 |       ||     8
Dodge: Dodged            |    33 |       ||    33
